 Dungeon Crawl Stone Soup version 0.28-a0-1395-g4f6bc678fa (webtiles) character file.

Game seed: 18145660518606284013

427 Cheeritup the Chopper (level 6, 0/52 HPs)
             Began as a Palentonga Warper on Jan 4, 2022.
             Was a Priest of Jiyva.
             Killed from afar by a steam dragon (19 damage)
             ... with a ball of steam
             ... on level 5 of the Dungeon.
             The game lasted 00:16:25 (3838 turns).

Cheeritup the Chopper (Palentonga Warper)           Turns: 3838, Time: 00:16:25

Health: 0/52       AC:  8    Str: 16    XL:     6   Next: 65%
Magic:  9/9        EV:  7    Int: 13    God:    Jiyva [***...]
Gold:   88         SH:  0    Dex: 12    Spells: 7/9 levels left

rFire   . . .      SeeInvis +   b - +1 battleaxe (freeze)
rCold   . . .      Faith    .   (shield currently unavailable)
rNeg    . . .      Spirit   .   f - +0 leather armour {rPois}
rPois   +          Reflect  .   (no helmet)
rElec   .          Harm     .   (no cloak)
rCorr   +          Rampage  .   (no gloves)
Will    .....      Clarity  +   e - +0 barding
Stlth   +.........              (no amulet)
HPRegen 1.29/turn               (no ring)
MPRegen 0.46/turn               (no ring)

@: no status effects
A: large, rugged brown scales 3, see invisible, deformed body, roll 1, armoured
tail, agile 1, clarity, tendrils, jelly absorbing missiles
a: Rolling Charge, Renounce Religion, Oozemancy


You were on level 5 of the Dungeon.
You worshipped Jiyva.
Jiyva was most pleased with you.
You visited 1 branch of the dungeon, and saw 5 of its levels.

You collected 88 gold pieces.

Inventory:

Hand Weapons
 a - a +0 hand axe
 b - a +1 battleaxe of freezing (weapon)
Missiles
 d - 4 boomerangs of dispersal
Armour
 e - a +0 barding (worn)
 f - a +0 leather armour of poison resistance (worn)
 h - a +0 chain mail
 k - +0 steam dragon scales
Scrolls
 c - 2 scrolls of blinking
 j - 2 scrolls of fog {unknown}
Potions
 g - a potion of mutation
 i - a potion of degeneration {unknown}


   Skills:
 + Level 4.3 Fighting
 * Level 6.0 Axes
 - Level 0.6 Throwing
 - Level 0.7 Armour
 - Level 1.5 Dodging
 - Level 2.0 Spellcasting
 - Level 3.0 Translocations


You had 7 spell levels left.
You knew the following spells:

 Your Spells              Type           Power      Damage    Failure   Level
a - Blink                 Tloc           18%        N/A       14%         2

Your spell library contained the following spells:

 Spells                   Type           Power      Damage    Failure   Level
 Gell's Gravitas          Tloc           9%         N/A       26%         3
 Lesser Beckoning         Tloc           9%         N/A       26%         3
 Teleport Other           Tloc           9%         N/A       26%         3
 Animate Skeleton         Necr           2%         N/A       30%         1
 Pain                     Necr           4%         1d4       30%         1
 Static Discharge         Conj/Air       1%         N/A       43%         2
 Sublimation of Blood     Necr           1%         N/A       43%         2
 Wereblood                Tmut           1%         N/A       43%         2
 Portal Projectile        Hex/Tloc       10%        N/A       45%         3
 Call Canine Familiar     Summ           1%         N/A       67%         3
 Vampiric Draining        Necr           1%         2d6       67%         3
 Manifold Assault         Tloc           9%         N/A       94%         5
 Dispel Undead            Necr           1%         3d6       97%         4
 Leda's Liquefaction      Hex/Erth       0%         N/A       97%         4
 Sticky Flame             Conj/Fire      1%         2d3       97%         4
 Summon Hydra             Summ           0%         N/A       100%        7


Dungeon Overview and Level Annotations

Branches:
Dungeon (5/15)
 Temple: D:4-7

Altars:
Dithmenos
Hepliaklqana
Kikubaaqudgha
Nemelex Xobeh
Okawaru
Jiyva


Innate Abilities, Weirdness & Mutations

You are completely covered in rugged brown scales. (AC +3, +7% HP)
You have supernaturally acute eyesight. (SInv)
Armour fits poorly on your strangely shaped body.
You can roll at nearby foes to attack.
You have a long armoured tail.
You are agile. (Dex +2)
You possess an exceptional clarity of mind.
You are covered in slimy tendrils that may disarm your opponents.
You have a small jelly attached to you that may absorb projectiles.


Message History

The wall burns the steam dragon!
A nearby fungus withers and dies.
The walls burn the steam dragon!
The steam dragon breathes steam at you. The ball of steam hits you!
You are engulfed in a cloud of scalding steam.
The walls burn the steam dragon!
You barely miss the steam dragon.
The steam dragon is heavily wounded.
You are engulfed in a cloud of scalding steam.
The walls burn the steam dragon!
The steam dragon bites you but does no damage.
The steam dragon claws you but does no damage.
You slash the steam dragon! You freeze the steam dragon.
You kill the steam dragon!
The steam dragon scales are intact enough to wear.
You are engulfed in a cloud of scalding steam.
Your Fighting skill increases to level 4!
Your Axes skill increases to level 5!
You have reached level 6!
The walls melt the ice beast!
Things that are here:
+0 steam dragon scales; a steam dragon corpse k - +0 steam dragon scales The walls melt the ice beast!
The ice beast hits you. The ice beast freezes you!
* * * LOW HITPOINT WARNING * * *
A steam dragon comes into view.
The walls melt the ice beast!
Jiyva gurgles merrily.
The walls melt the ice beast!
The steam dragon hisses angrily.
You hit the ice beast.
The ice beast is almost dead.
The walls melt the ice beast!
You kill the ice beast!
Your Axes skill increases to level 6!
You stop calling forth ooze.
The steam dragon breathes steam at you. The ball of steam hits you!!
You die...

##.J......# #.....#.#
##........# #.###.#(#
#...##.##.# #.##..#.#
....J..##.###.##.##.#
....#######...##.##.#
########≈≈..#.......#
#.D.≈≈^.....####.####
...........# #.#
....PPP....####@#
####.≈≈.≈D..†§§.#
###..≈..######
#######


There were no monsters in sight!

Vanquished Creatures
  A steam dragon (D:5)
  An ice beast (D:5)
  An orc priest (D:4)
  Terence (D:3)
  Natasha (D:4)
  An iguana (D:4)
  2 adders
  2 ufetubi (D:4)
  3 worms
  2 dart slugs
  4 orcs (D:4)
  4 ball pythons
  4 giant cockroaches
  8 goblins
  A hobgoblin (D:1)
  A jackal (D:4)
  4 kobolds
  3 quokkas
  2 bats
  4 frilled lizards (D:1)
  6 rats
56 creatures vanquished.

Vanquished Creatures (others)
  Grinder (D:4)
  Menkaure (D:4)
  7 jellies
  A centaur zombie (D:5)
  Natasha (twice) (D:4)
  An iguana (D:4)
  An adder (D:5)
  A worm (D:2)
  A ball python (D:4)
  2 endoplasms (D:2)
  A giant cockroach (D:3)
  3 goblins
  A hobgoblin (D:2)
  3 jackals (D:4)
  2 kobolds
  2 quokkas
  2 bats (D:3)
  A rat (D:1)
  20 fungi
53 creatures vanquished.

Grand Total: 109 creatures vanquished

Notes
Turn   | Place    | Note
-------+----------+-------------------------------------------
     0 | D:1      | Cheeritup the Palentonga Warper began the quest for the
                  | Orb.
     0 | D:1      | Reached XP level 1. HP: 17/17 MP: 3/3
    98 | D:1      | Found a faded altar of an unknown god.
   130 | D:1      | Prayed at the altar of an unknown god.
   130 | D:1      | Became a worshipper of Jiyva Jemm the Shapeless
   130 | D:1      | Reached * piety under Jiyva
   183 | D:1      | Reached XP level 2. HP: 23/23 MP: 5/5
   252 | D:1      | Learned a level 2 spell: Blink
   601 | D:1      | Reached ** piety under Jiyva
   807 | D:2      | Reached skill level 3 in Axes
   888 | D:2      | Reached XP level 3. HP: 29/29 MP: 6/6
  1413 | D:2      | Reached *** piety under Jiyva
  1562 | D:3      | Gained mutation: You are covered in slimy tendrils that may
                  | disarm your opponents. [Jiyva's grace]
  1562 | D:3      | Gained mutation: You have a small jelly attached to you
                  | that may absorb projectiles. [Jiyva's grace]
  1562 | D:3      | Gained mutation: You possess an exceptional clarity of
                  | mind. [Jiyva's grace]
  1562 | D:3      | Gained mutation: You are agile. (Dex +2) [Jiyva's grace]
  1633 | D:3      | Noticed Terence
  1682 | D:3      | Killed Terence
  1683 | D:3      | Reached XP level 4. HP: 35/37 MP: 7/7
  1984 | D:4      | Reached skill level 4 in Axes
  2093 | D:4      | Killed Natasha
  2173 | D:4      | Killed Menkaure
  2302 | D:4      | Killed Grinder
  2342 | D:4      | Reached **** piety under Jiyva
  2523 | D:4      | Found a large runed translucent door.
  2524 | D:4      | Found a large runed translucent door.
  2554 | D:4      | Found a sparkling altar of Nemelex Xobeh.
  2557 | D:4      | Found an iron altar of Okawaru.
  2603 | D:4      | Noticed a scorpion
  2647 | D:4      | Slimified a scorpion
  2647 | D:4      | a scorpion changed into an endoplasm
  2723 | D:4      | Reached XP level 5. HP: 39/43 MP: 8/8
  2858 | D:4      | Found a hazy altar of Hepliaklqana.
  3012 | D:4      | Found a shadowy altar of Dithmenos.
  3013 | D:4      | Found an ancient bone altar of Kikubaaqudgha.
  3061 | D:4      | Noticed Natasha
  3087 | D:4      | Killed Natasha
  3090 | D:4      | Killed Natasha
  3206 | D:5      | Entered Level 5 of the Dungeon
  3245 | D:5      | Identified a scroll of acquirement
  3245 | D:5      | Acquired a +1 battleaxe of freezing
  3313 | D:5      | Noticed an ice beast
  3378 | D:5      | Noticed a necrophage
  3802 | D:5      | Noticed a steam dragon
  3831 | D:5      | Killed a steam dragon
  3832 | D:5      | Reached skill level 5 in Axes
  3832 | D:5      | Reached XP level 6. HP: 22/51 MP: 9/9
  3833 | D:5      | Noticed a steam dragon
  3836 | D:5      | Killed an ice beast
  3837 | D:5      | Reached skill level 6 in Axes
  3838 | D:5      | Killed from afar by a steam dragon

Illustrated notes

Levels and vault maps discovered:
D:1:      nzn_arrival_crosshair, layout_loops_ring,
          ebering_ecumenical_altar_abandoned, minmay_misc_feat_plants,
          minmay_tetromino_i2
D:2:      layout_basic
D:3:      layout_rooms, due_unseen_surprise, uniq_terence
D:4:      layout_basic, mainiacjoe_overflow_six_doors_small,
          gammafunk_temple_overflow_pools, jmf_multi_god_temple2, uniq_natasha,
          uniq_menkaure, uniq_grinder
D:5:      kennysheep_steamy, layout_loops_cross, uniq_pikel

Skill      XL: |  1  2  3  4  5  6 |
---------------+-------------------+-----
Axes           | 3 4 5 6 |  6.0
Fighting       | 3 4 |  4.3
Throwing       | |  0.6
Armour         | |  0.7
Dodging        | |  1.5
Spellcasting   | |  2.0
Translocations | |  3.0

Action                   |  1- 3 |  4- 6 || total
-------------------------+-------+-------++-------
Melee: Hand axe          |   109 |    72 ||   181
       Tailslap          |    13 |     8 ||    21
       Battleaxe         |       |     3 ||     3
Throw: Boomerang         |     1 |       ||     1
 Cast: Blink             |       |     1 ||     1
Invok: Slimify           |       |     1 ||     1
       Oozemancy         |       |     2 ||     2
 Abil: Rolling Charge    |    23 |     6 ||    29
  Use: Scroll            |       |     4 ||     4
Armor: Leather armour    |    47 |    48 ||    95
Dodge: Dodged            |    42 |    31 ||    73

Table legend: (Time is in decaauts)
 A = Elapsed time spent in this place.
 B = Non-inter-level travel time spent in this place.
 C = Inter-level travel time spent in this place.
 D = Time resting spent in this place.
 E = Time spent auto-exploring this place.
 F = Levels seen in this place.
 G = Mean time per level.
                   A        B        C        D        E       F      G
               +--------+--------+--------+--------+--------+-----+--------+
         Total |   3873 |   3642 |    231 |    526 |   2316 |   5 |  774.6 |
       Dungeon |   3873 |   3642 |    231 |    526 |   2316 |   5 |  774.6 |
               +--------+--------+--------+--------+--------+-----+--------+

Top non-repeatable levels by time:
     D:4: 1413 daAuts
     D:1: 762 daAuts
     D:2: 732 daAuts
     D:3: 494 daAuts
     D:5: 470 daAuts
